 Dungeon Crawl Stone Soup version 0.23.2-33-g5129a83184 (webtiles) character file.

Game seed: 7853044063130811932

123 FishyPogo the Grave Robber (level 5, -1/41 HPs)
             Began as a Hill Orc Necromancer on Aug 6, 2019.
             Slain by a bullfrog zombie (5 damage)
             ... on level 3 of the Dungeon.
             The game lasted 00:17:11 (3531 turns).

FishyPogo the Grave Robber (Hill Orc Necromancer)   Turns: 3531, Time: 00:17:11

Health: -1/41      AC:  2    Str: 12    XL:     5   Next: 7%
Magic:  4/8        EV: 12    Int: 15    God:
Gold:   136        SH:  0    Dex: 11    Spells: 3/8 levels left

rFire    . . .     SeeInvis .   e - +0 club
rCold    . . .     Gourm    .   (no shield)
rNeg     . . .     Faith    .   a - +0 robe
rPois    .         Spirit   .   (no helmet)
rElec    .         Reflect  .   (no cloak)
rCorr    .         Harm     .   (no gloves)
MR       .....                  (no boots)
Stlth    ++........             (no amulet)
HPRegen  0.13/turn              (no ring)
MPRegen  0.11/turn              (no ring)

@: no status effects
A: no striking features
a: no special abilities


You were on level 3 of the Dungeon.
You were not hungry.

You visited 1 branch of the dungeon, and saw 3 of its levels.

You collected 136 gold pieces.

Inventory:

Hand Weapons
 e - a +0 club (weapon)
 m - a +0 blowgun
Missiles
 k - 30 stones (quivered)
 n - 23 poisoned needles
 o - 7 needles of sleeping
Armour
 a - a +0 robe (worn)
Scrolls
 b - 2 scrolls of identify {unknown}
 d - a scroll of immolation {unknown}
 f - 2 scrolls of noise {unknown}
 h - 2 scrolls of amnesia {unknown}
 l - 3 scrolls of teleportation {unknown}
Potions
 g - 2 potions of lignification
 i - a potion of flight
 j - a potion of degeneration {unknown}
 p - a potion of agility {unknown}
Comestibles
 c - 4 rations
 q - 2 chunks of flesh


   Skills:
 + Level 2.0 Fighting
 * Level 2.9 Armour
 - Level 1.5 Dodging
 - Level 2.0 Stealth
 - Level 2.0 Spellcasting
 + Level 4.5 Necromancy


You had 3 spell levels left.
You knew the following spells:

 Your Spells              Type           Power        Failure   Level  Hunger
a - Pain                  Necr           ###.         3%          1    #......
b - Animate Skeleton      Necr           N/A          3%          1    #......
c - Vampiric Draining     Necr           ###.......   11%         3    ###....

Your spell library contained the following spells:

 Spells                   Type           Power        Failure   Level  Hunger
 Regeneration             Chrm/Necr      #.........   26%         3    ###....
 Animate Dead             Necr           N/A          34%         4    #####..


Dungeon Overview and Level Annotations

Branches:
Dungeon (3/15)

Altars:


Message History

The bullfrog zombie is too close now for your liking.
The bullfrog zombie hits you. The bullfrog zombie hits you.
You hit the bullfrog zombie.
The bullfrog zombie is lightly damaged.
The bullfrog zombie hits you.
* * * LOW HITPOINT WARNING * * *
The bullfrog zombie hits you.
* * * LOW HITPOINT WARNING * * *
You hit the bullfrog zombie.
The bullfrog zombie is moderately damaged.
The bullfrog zombie misses you. The bullfrog zombie hits you.
* * * LOW HITPOINT WARNING * * *
You hit the bullfrog zombie.
The bullfrog zombie is moderately damaged.
The bullfrog zombie barely misses you. The bullfrog zombie closely misses you.
You barely miss the bullfrog zombie.
The bullfrog zombie is moderately damaged.
The bullfrog zombie hits you.
You die...

#.≈≈≈≈#≈≈≈≈#≈≈≈.
##≈≈≈#≈≈≈≈≈≈≈≈≈≈≈##
#≈≈≈≈≈≈≈≈≈≈≈≈##≈≈≈#
.≈≈≈≈.≈≈...≈≈$/≈≈≈##
..≈≈.⌠.÷.<.[...≈≈..#
.#≈≈...≈...≈≈≈.≈≈≈.##
.≈≈#≈≈##≈≈#≈≈$≈≈≈≈..#
#.≈≈≈≈≈≈≈≈#≈≈≈≈≈≈##.#
.!.≈≈≈≈≈≈≈≈≈≈≈≈#@##.#
...≈≈#≈≈≈≈≈≈≈≈≈##Z#.#
....≈≈≈≈≈≈≈≈≈≈≈.#...#
...##.≈≈≈≈≈≈≈.#.###.#
..#≈≈.≈≈##.<# #.#
..........###.#
###..####.##..# ##
#.##.## #.##.#


You could see a bullfrog zombie.

Vanquished Creatures
  Jessica (D:3)
  An adder (D:2)
  2 oozes (D:1)
  A worm (D:2)
  10 dart slugs (D:3)
  A leopard gecko (D:3)
  3 orcs (D:3)
  3 ball pythons
  7 bats
  4 giant cockroaches
  2 goblins
  7 hobgoblins
  2 jackals (D:2)
  2 kobolds
  A quokka (D:2)
  A frilled lizard (D:3)
  4 rats
52 creatures vanquished.

Notes
Turn   | Place    | Note
-------+----------+-------------------------------------------
     0 | D:1      | FishyPogo the Hill Orc Necromancer began the quest for the
                  | Orb.
     0 | D:1      | Reached XP level 1. HP: 14/14 MP: 3/3
   328 | D:1      | Reached XP level 2. HP: 16/20 MP: 1/4
   454 | D:1      | Reached skill level 1 in Armour
   728 | D:1      | Reached XP level 3. HP: 17/27 MP: 0/5
   783 | D:1      | Learned a level 3 spell: Vampiric Draining
   801 | D:1      | Learned a level 1 spell: Animate Skeleton
  1361 | D:2      | Reached skill level 1 in Fighting
  2538 | D:3      | Reached XP level 4. HP: 28/35 MP: 0/7
  3354 | D:3      | Noticed Jessica
  3470 | D:3      | Killed Jessica
  3470 | D:3      | Reached XP level 5. HP: 30/41 MP: 0/8
  3531 | D:3      | Slain by a bullfrog zombie

Skill      XL: |  1  2  3  4 |
---------------+-------------+-----
Stealth        | 2 |  2.0
Armour         | 1 2 |  2.9
Fighting       | 1 2 |  2.0
Spellcasting   | 2 |  2.0
Dodging        | |  1.5
Necromancy     | |  4.5

Action                   |  1- 3 |  4- 6 || total
-------------------------+-------+-------++-------
Melee: Unarmed           |     5 |       ||     5
       Club              |    92 |    77 ||   169
 Cast: Pain              |    51 |    25 ||    76
       Vampiric Draining |     6 |     6 ||    12
  Use: Potion            |       |     2 ||     2
 Stab: Sleeping          |     5 |       ||     5
  Eat: Chunk             |     6 |     6 ||    12
Armor: Robe              |    19 |     8 ||    27
       Skin              |       |    29 ||    29
Dodge: Dodged            |    78 |    57 ||   135
